 Dungeon Crawl Stone Soup version 0.17-a0-1522-g6c5b4ba (webtiles) character file.

64 urechis the Cudgeler (level 4, -1/49 HPs)
             Began as an Ogre Gladiator on July 14, 2015.
             Slain by Ijyb
             ... wielding a +1 dagger of venom
              (4 damage)
             ... on level 3 of the Dungeon.
             The game lasted 00:03:14 (1977 turns).

urechis the Cudgeler (Ogre Gladiator)               Turns: 1977, Time: 00:03:14

Health: -1/49      AC:  3    Str: 21    XL:     4   Next: 12%
Magic:  4/4        EV: 10    Int:  7    God:
Gold:   156        SH:  0    Dex: 13    Spells: 0 memorised, 3 levels left

rFire  . . .     SeeInvis +     a - +0 flail
rCold  . . .     Clarity  .     b - +0 robe
rNeg   . . .     SustAt   .     (no shield)
rPois  .         Gourm    .     c - +0 hat
rElec  .         Spirit   .     (no cloak)
rCorr  .         Warding  .     (gloves unavailable)
rMut   .         Stasis   .     (boots unavailable)
MR     .....                    (no amulet)
Stlth  +.........               l - +3 ring of dexterity
                                j - ring of see invisible

@: lethally poisoned (-1 -> -28), not resistant to hostile enchantments, very
unstealthy
A: unfitting armour, tough skin 1
a: no special abilities


You were on level 3 of the Dungeon.
You were hungry.

You visited 1 branch of the dungeon, and saw 3 of its levels.

You collected 156 gold pieces.

Inventory:

Hand weapons
 a - a +0 flail (weapon)
Missiles
 e - 3 throwing nets
 k - 5 javelins (quivered)
Armour
 b - a +0 robe (worn)
 c - a +0 hat (worn)
Jewellery
 j - a ring of see invisible (left hand)
 l - a +3 ring of dexterity (right hand)
 o - a +1 ring of protection {unknown}
Scrolls
 h - 3 scrolls of identify {unknown}
 m - a scroll of enchant weapon {unknown}
Potions
 f - 4 potions of curing {unknown}
 g - a potion of resistance {unknown}
 n - a potion of lignification {unknown}
 p - a potion of cancellation {unknown}
 s - a potion of poison {unknown}
 t - 2 potions of might {unknown}
Comestibles
 d - 3 bread rations
 i - 2 beef jerkies
 q - a royal jelly
 r - a meat ration


   Skills:
 + Level 4.3 Fighting
 + Level 5.4 Maces & Flails
 - Level 2.1 Throwing
 - Level 2.6 Dodging


You had 3 spell levels left.
You didn't know any spells.

Dungeon Overview and Level Annotations

Branches:
Dungeon (3/15)

Altars:
Nemelex Xobeh
Trog

Annotations:
D:3 Ijyb


Innate Abilities, Weirdness & Mutations

You are too large for most types of armour.
You have tough skin (AC +1).


Message History

You hit Ijyb.
Ijyb is severely wounded.
You feel very sick. Ijyb hits you but does no damage.
You hit Ijyb but do no damage.
Ijyb is severely wounded.
* * * LOW HITPOINT WARNING * * *
You feel very sick. Ijyb barely misses you.
You hit Ijyb.
Ijyb is almost dead.
* * * LOW HITPOINT WARNING * * *
You feel very sick. Ijyb hits you with a dagger of venom.
* * * LOW HITPOINT WARNING * * *
You barely miss Ijyb.
Ijyb is almost dead.
* * * LOW HITPOINT WARNING * * *
You feel sick. Ijyb hits you with a dagger of venom.
You die...

_............(.
...#.#...........##
...#.#...####. ...
.###.#...# ... .....#...#
... .#####...#######'#
...............#.#
#######........#.########
. #........#@#......# ..)
#........#g#...h..#g....
#........#.#..##........
#..............+........
######........##........
#........##........
#.......###gh......
#......## #.h..###+
######## #....#


You could see Ijyb.

Vanquished Creatures
  An adder (D:3)
  2 worms (D:3)
  3 giant geckos
  9 bats
  A giant cockroach (D:2)
  9 hobgoblins
  5 jackals
  A goblin (D:2)
  2 kobolds
  3 quokkas (D:2)
  8 rats
44 creatures vanquished.

Notes
Turn   | Place    | Note
--------------------------------------------------------------
     0 | D:1      | urechis the Ogre Gladiator began the quest for the Orb.
     0 | D:1      | Reached XP level 1. HP: 22/22 MP: 1/1
   300 | D:1      | Reached XP level 2. HP: 22/31 MP: 2/2
   550 | D:1      | Found a sparkling altar of Nemelex Xobeh.
   844 | D:2      | Reached XP level 3. HP: 37/37 MP: 3/3
  1107 | D:2      | Reached skill level 5 in Maces & Flails
  1377 | D:2      | Found a bloodstained altar of Trog.
  1699 | D:3      | Found a sparkling altar of Nemelex Xobeh.
  1715 | D:3      | Reached XP level 4. HP: 35/48 MP: 4/4
  1945 | D:3      | Noticed Ijyb
  1977 | D:3      | Slain by Ijyb

Vault maps used:
D:1:      minmay_arrival_doors, hex_large, solitary_fountain,
          nemelex_altar_shiori
D:2:      overflow_temple_1_default, serial_undead, serial_undead_b,
          serial_undead_c, serial_undead_c, serial_undead_e
D:3:      zin_treasury, lemuel_zombie_altar_yredelemnul,
          nicolae_overflow_crystal_walls, nicolae_qazlal_style_of_elements,
          uniq_iyjb

Action                   |  1- 3 |  4- 6 || total
-------------------------+-------+-------++-------
Melee: Flail             |   115 |    28 ||   143
 Stab: Sleeping          |     1 |       ||     1
  Eat: Chunk             |     2 |     1 ||     3
